 Dungeon Crawl Stone Soup version 0.22-a0-406-g9ff8d77 (webtiles) character file.

34 Borgoz the Skirmisher (level 3, -2/49 HPs)
             Began as a Hill Orc Abyssal Knight on May 8, 2018.
             Was a Follower of Lugonu.
             Slain by a water moccasin skeleton (5 damage)
             ... on level 2 of the Dungeon.
             The game lasted 00:01:18 (728 turns).

Borgoz the Skirmisher (Hill Orc Abyssal Knight)      Turns: 728, Time: 00:01:19

Health: -2/49      AC:  3    Str: 19    XL:     3   Next: 31%
Magic:  5/5        EV: 11    Int: 12    God:    Lugonu [*.....]
Gold:   95         SH:  0    Dex: 11    Spells: 2/2 levels left

rFire    . . .     SeeInvis .   a - +1 hand axe
rCold    . . .     Gourm    .   (no shield)
rNeg     . . .     Faith    .   b - +0 leather armour
rPois    .         Spirit   .   (no helmet)
rElec    .         Reflect  .   (no cloak)
rCorr    .         Harm     .   (no gloves)
MR       .....                  (no boots)
Stlth    ..........             (no amulet)
HPRegen  0.16/turn              (no ring)
MPRegen  0.09/turn              (no ring)

@: berserking, very quick
A: no striking features
a: Depart the Abyss, Renounce Religion


You were on level 2 of the Dungeon.
You worshipped Lugonu.
Lugonu was aware of your devotion.
You were not hungry.

You visited 1 branch of the dungeon, and saw 2 of its levels.
You visited the Abyss 1 time.

You collected 95 gold pieces.

Inventory:

Hand Weapons
 a - a +1 hand axe (weapon)
Armour
 b - a +0 leather armour (worn)
 j - a +0 plate armour
Scrolls
 e - 2 scrolls of identify {unknown}
 f - a scroll of enchant weapon {unknown}
Potions
 d - a potion of might {unknown}
 g - a potion of berserk rage
 h - a potion of flight {unknown}
 k - a potion of brilliance {unknown}
Comestibles
 c - 2 rations


   Skills:
 + Level 4.0 Fighting
 * Level 3.4 Axes
 + Level 2.5 Armour
 + Level 1.1 Dodging
 + Level 3.0 Invocations


You had 2 spell levels left.
You didn't know any spells.

Dungeon Overview and Level Annotations

Branches:
Dungeon (1/15)

Altars:


Message History

The water moccasin skeleton is heavily damaged.
You hit the jackal.
You kill the jackal!
Lugonu accepts your kill.
Your Invocations skill increases to level 3!
You hit the rat but do no damage. The water moccasin skeleton bites you.
* * * LOW HITPOINT WARNING * * *
The water moccasin skeleton closely misses you.
The rat closely misses you.
You hit the water moccasin skeleton.
The water moccasin skeleton is heavily damaged.
You hit the rat. The water moccasin skeleton bites you.
* * * LOW HITPOINT WARNING * * *
The rat misses you.
Unknown command.
It was a potion of berserk rage.
A red film seems to cover your vision as you go berserk!
You feel yourself moving faster!
You feel mighty! The water moccasin skeleton bites you.
You die...

#.# .... .
###...# ..
....... ...
.......
....#####.......
.......r........
####...Z@..$....
................
................
................
................
......$.........
..............##
.##############


You could see a rat and a water moccasin skeleton.

Vanquished Creatures
  A shadow imp (D:2)
  A dart slug (D:1)
  3 giant cockroaches (D:1)
  2 goblins (D:1)
  2 hobgoblins (D:1)
  5 jackals
  A kobold (D:1)
  3 bats (D:1)
  2 frilled lizards (D:1)
  3 rats (D:1)
23 creatures vanquished.

Notes
Turn   | Place    | Note
-------+----------+-------------------------------------------
     0 | Abyss:1  | Borgoz the Hill Orc Abyssal Knight began the quest for the Orb.
     0 | Abyss:1  | Reached XP level 1. HP: 19/19 MP: 2/2
    55 | Abyss:2  | a shapeshifter changed into something unseen
    58 | Abyss:2  | Noticed an earth elemental
    59 | D:1      | Escaped the Abyss
   265 | D:1      | Reached skill level 1 in Dodging
   265 | D:1      | Reached XP level 2. HP: 24/27 MP: 3/3
   337 | D:1      | Reached * piety under Lugonu
   665 | D:1      | Reached XP level 3. HP: 33/33 MP: 5/5
   710 | D:1      | You fall through a shaft!
   714 | D:2      | Reached skill level 4 in Fighting
   728 | D:2      | Slain by a water moccasin skeleton

Vault maps used:
D:1:      onia_arrival_mini_spirals
D:2:      gammafunk_temple_overflow_forgotten, led_sif_pool
Abyss:1:  evilmike_abyss_exit_plants

Skill      XL: |  1  2  3 |
---------------+----------+-----
Dodging        | 1 |  1.1
Axes           | 3 |  3.4
Fighting       | 4 |  4.0
Invocations    | 3 |  3.0
Armour         | |  2.5

Action                   || total
-------------------------++-------
Melee: Hand axe          ||    81
Invok: Depart the Abyss  ||     1
  Use: Potion            ||     1
Armor: Leather armour    ||    31
Dodge: Dodged            ||    64

Table legend:
 A = Spawn XP
 B = Non-spawn XP
 C = Spawn XP percentage of total XP
 D = Spawn monster count
 E = Non-spawn monster count
 F = Spawn count percentage of total count
 G = Total turns spent on level
                    A         B        C        D         E        F      G
               +---------+---------+-------+---------+---------+-------+---------
         Total |       0 |      49 |   0.0 |       0 |      23 |   0.0 |   728
               +---------+---------+-------+---------+---------+-------+---------
           D:1 |       0 |      34 |   0.0 |       0 |      20 |   0.0 |   651
           D:2 |       0 |      15 |   0.0 |       0 |       3 |   0.0 |    18
               +---------+---------+-------+---------+---------+-------+---------
